 Dungeon Crawl Stone Soup version 0.32-a0-422-g28b100f618 (webtiles) character file.

Game seed: 13197583416286164488

74 Alarak the Grave Robber (level 4, 0/24 HPs)
             Began as a Vampire Necromancer on Feb 21, 2024.
             Slain by an orc wizard
             ... wielding a +0 dagger
              (3 damage)
             ... on level 3 of the Dungeon.
             The game lasted 00:07:41 (1798 turns).

Alarak the Grave Robber (Vampire Necromancer)       Turns: 1798, Time: 00:07:43

Health: 0/24       AC:  2    Str:  7    XL:     4   Next: 9%
Magic:  5/7        EV: 12    Int: 25    God:
Gold:   135        SH:  0    Dex: 14    Spells: 3/7 levels left

rFire   . . .        g - staff of fire
rCold   + + +        (no shield)
rNeg    + + +        a - +0 robe
rPois   ∞            (no helmet)
rElec   .            (no cloak)
rCorr   .            (no gloves)
SInv    +            (no boots)
Will    .....        (no amulet)
Stlth   +++          f - ring of ice
HPRegen 0.00/turn    c - +6 ring of intelligence
MPRegen 0.10/turn

%: no passive effects
@: confused, bloodless, inhibited regen
A: bloodless, fangs 3, see invisible, vampiric 2
a: Bat Form, Revivify, Convert to Beogh


You were on level 3 of the Dungeon.
You visited 1 branch of the dungeon, and saw 3 of its levels.

You collected 135 gold pieces.

Inventory:

Missiles
 k - a throwing net
Armour
 a - a +0 robe (worn)
Magical Staves
 g - a staff of fire (weapon)
Jewellery
 c - a +6 ring of intelligence (right hand)
 f - a ring of ice (left hand)
 i - a ring of protection from cold
 j - a ring of poison resistance
Scrolls
 h - a scroll of enchant weapon {unknown}
Potions
 b - a potion of magic
 d - a potion of degeneration {unknown}
 e - a potion of might {unknown}


   Skills:
 - Level 2.3 Dodging
 - Level 3.0 Stealth
 - Level 2.1 Spellcasting
 + Level 6.1 Necromancy


You had 3 spell levels left.
You knew the following spells:

 Your Spells              Type           Power      Damage    Failure   Level
a - Necrotise             Necr           100%       1d9       1%          1
b - Vampiric Draining     Necr           33%        2d8       2%          3

Your spell library contained the following spells:

 Spells                   Type           Power      Damage    Failure   Level
 Kiss of Death            Conj/Necr      68%        2d10      3%          1
 Scorch                   Fire           8%         2d5       17%         2
 Confusing Touch          Hex            2%         N/A       32%         3
 Animate Dead             Necr           33%        N/A       9%          4
 Dispel Undead            Necr           33%        3d14      9%          4
 Curse of Agony           Necr           33%        N/A       26%         5
 Flame Wave               Conj/Fire      4%         2d5       73%         4
 Summon Cactus Giant      Summ           1%         N/A       100%        6
 Chain Lightning          Conj/Air       1%         3d1       100%        9
 Fire Storm               Conj/Fire      2%         8d1       100%        9
 Shatter                  Erth           1%         3d5*      100%        9


Dungeon Overview and Level Annotations

Branches:
Dungeon (3/15)

Altars:


Innate Abilities, Weirdness & Mutations

You do not regenerate when monsters are visible.
You are frail without blood (-20% HP).
You can heal yourself when you bite living creatures.
You are immune to poison.
You have razor-sharp teeth.
You have supernaturally acute eyesight. (SInv)
You are afflicted with vampirism and can become a bat while bloodless.


Message History

The orc priest shouts!
You're too confused to cast spells.
You are too confused!
You are too confused!
You hear a shout!
The orc wizard gestures wildly while chanting.
The orc wizard flickers and vanishes for a moment.
You're too confused to cast spells.
The orc wizard attacks as it pursues you!
The orc wizard hits you with a +0 dagger.
You are too confused!
You bump into the rock wall.
The orc wizard hits you with a +0 dagger.
You hit the orc wizard but do no damage.
The orc wizard is severely wounded.
You closely miss the orc wizard.
The orc wizard is severely wounded.
The orc wizard gestures at you while chanting.
The puff of flame hits you!
An orc comes into view. It is wielding a +0 whip.
The orc priest shouts, "The Pantheon deserves no one's loyalty.
Let us show you the true path!"
The orc priest hits you with a +0 war axe!
* * * LOW HITPOINT WARNING * * *
The orc wizard points at you and mumbles some strange words.
You are more confused.
The orc priest shouts, "The Pantheon deserves no one's loyalty.
Let us show you the true path!" (press Y on the ability menu to convert to Beogh)
There are monsters nearby!
The orc wizard casts a spell at you. The puff of flame misses you.
You're too confused to cast spells.
You bump into the rock wall.
The orc wizard hits you with a +0 dagger.
* * * LOW HITPOINT WARNING * * *
A goblin comes into view. It is wielding a +0 club.
The orc priest closely misses you.
You're too confused to cast spells.
You bump into the rock wall.
The orc wizard hits you with a +0 dagger.
You die...

,* *,,,* ##.#****,,,,,,,,*
,*****,,,*****#..,,,,,,,,******
,,,,,,,,,,,,,,...*****,*,*
**,*****,*****#.#* *.#,*
**,****,* #o# *.#,# *,,,,*,*
#.#### *.#.#
**,**,*.######....###.#.#
**,***,*.......oo†..g....# ,,**
*,*########@....<...# ,** *,*
#####...#.# ,* *,* #.###,* **
*,* #.# *,* *,* #.# *,* *,* #.#
*,* *,* #.# *,* *,*** #.# *,*
*,,,* #.# *,*


You could see an orc priest, an orc wizard (invisible), an orc (wandering) and a
goblin (wandering).

Vanquished Creatures
  An adder (D:3)
  2 orcs
  4 bats
  3 giant cockroaches
  2 kobolds
  A quokka (D:1)
  4 ball pythons (D:1)
  5 frilled lizards
  2 goblins
  5 rats
29 creatures vanquished.

Vanquished Creatures (collateral kills)
  An adder (D:3)
  An endoplasm (D:1)
  A rat (D:1)
3 creatures vanquished.

Grand Total: 32 creatures vanquished

Notes
Turn   | Place    | Note
-------+----------+-------------------------------------------
     0 | D:1      | Alarak the Vampire Necromancer began the quest for the Orb.
     0 | D:1      | Reached XP level 1. HP: 13/13 MP: 3/3
   276 | D:1      | Reached XP level 2. HP: 13/13 MP: 3/5
   281 | D:1      | Found a faded altar of an unknown god.
   433 | D:1      | Reached skill level 5 in Necromancy
   822 | D:2      | Gained mutation: You are afflicted with vampirism and can
                  | become a bat while bloodless. [Vampire growth]
   822 | D:2      | Reached XP level 3. HP: 16/16 MP: 4/6
  1747 | D:3      | Reached skill level 6 in Necromancy
  1747 | D:3      | Reached XP level 4. HP: 15/24 MP: 3/7
  1751 | D:3      | Learned a level 3 spell: Vampiric Draining
  1798 | D:3      | Slain by an orc wizard

Illustrated notes

Levels and vault maps discovered:
D:1:      dpeg_arrival_snail, layout_loops_ring, basic_ecumenical_altar,
          serial_bayou_crossing
D:2:      layout_loops_ring, minmay_door_square
D:3:      layout_loops_ring

Skill      XL: |  1  2  3 |
---------------+----------+-----
Necromancy     | 5 6 |  6.1
Dodging        | |  2.3
Stealth        | |  3.0
Spellcasting   | |  2.1

Action                     |  1- 3 |  4- 6 || total
---------------------------+-------+-------++-------
  Melee: Unarmed           |    16 |       ||    16
         Bite              |     5 |       ||     5
         Staff             |    18 |     2 ||    20
   Cast: Necrotise         |    38 |     3 ||    41
Ability: Exsanguinate      |     2 |       ||     2
         Revivify          |     1 |       ||     1
    Use: Scroll            |     4 |       ||     4
   Stab: Sleeping          |     3 |       ||     3
 Armour: Robe              |    23 |     6 ||    29
  Dodge: Dodged            |    43 |     2 ||    45

Table legend: (Time is in decaauts)
 A = Elapsed time spent in this place.
 B = Non-inter-level travel time spent in this place.
 C = Inter-level travel time spent in this place.
 D = Time resting spent in this place.
 E = Time spent auto-exploring this place.
 F = Levels seen in this place.
 G = Mean time per level.
                   A        B        C        D        E       F      G
               +--------+--------+--------+--------+--------+-----+--------+
         Total |   1809 |   1719 |     90 |     11 |   1449 |   3 |  603.0 |
       Dungeon |   1809 |   1719 |     90 |     11 |   1449 |   3 |  603.0 |
               +--------+--------+--------+--------+--------+-----+--------+

Top non-repeatable levels by time:
     D:1: 812 daAuts
     D:2: 749 daAuts
     D:3: 248 daAuts
